AoeStats
← Mateescu122121

Black Forest

509341119Analyzed
4v4 RM · 5d ago on Sep 26, 2026· 49m 49s· 8 players
Game mode
Random Map
Map size
Large (8 player)
Population
200
Speed
Normal
Resources
Standard
Victory
Conquest
Starting age
Dark Age
Ending age
Imperial Age
RankedLock teamsTeams togetherTeam positionsShared explorationLock speedFull tech treeHidden civsTurbo modeCheats
Victory
Defeat
🇸🇪 Teutons · Sweden
1110
+16
🇦🇹 Varangians · Austria
1057
+18
🇦🇹 Bohemians · Austria
1056
+18
🇨🇳 Mongols · China
1051
+18
🇮🇳 Varangians · India
1145
-19
🇨🇳 Khmer · China
1115
-18
🇹🇼 Danes · Taiwan
1103
-18
🇮🇳 Italians · India
1052
-15
メHANSメ
6:15 Loom
12:56 Feudal Age
16:38 Castle Age
14:45 Double-Bit Axe
16:06 Fishing Lines
16:20 Horse Collar
17:42 Bow Saw
17:50 Horse Collar
21:52 Gillnets
23:44 Wheelbarrow
23:57 Horse Collar
25:46 Hand Cart
29:53 Imperial Age
27:59 Heavy Plow
28:02 Gold Mining
28:06 Stone Mining
30:28 Scale Barding Armor
31:38 Chain Barding Armor
31:30 Husbandry
31:40 Bloodlines
31:58 Conscription
30:59 Elite Jarl
33:13 Crop Rotation
33:45 Two-Man Saw
33:29 Plate Barding Armor
33:04 Forging
37:27 Iron Casting
37:21 Ballistics
38:01 Chemistry
37:09 Siege Engineers
37:15 Masonry
36:46 Treadmill Crane
41:39 Blast Furnace
40:29 Fletching
40:40 Padded Archer Armor
40:40 Scale Mail Armor
40:40 Murder Holes
40:58 Fortified Wall
42:40 Squires
42:25 Arson
42:26 Gambesons
45:07 Herbal Medicine
AB8
1:54 Loom
11:50 Feudal Age
13:48 Double-Bit Axe
16:20 Castle Age
14:27 Horse Collar
14:42 Fishing Lines
18:42 Bow Saw
19:14 Heavy Plow
21:29 Gillnets
23:51 Wheelbarrow
26:33 Hand Cart
29:54 Imperial Age
28:42 Scale Mail Armor
28:53 Forging
28:46 Squires
28:07 Pikeman
29:04 Gold Mining
29:04 Stone Mining
29:21 Fletching
30:21 Ballistics
30:12 Masonry
30:48 Chain Mail Armor
31:10 Iron Casting
30:59 Conscription
30:29 Halberdier
32:40 Gold Shaft Mining
32:41 Stone Shaft Mining
33:09 Chemistry
31:59 Onager
32:14 Hamask
33:49 Northmen's Fury
35:52 Plate Mail Armor
36:23 Blast Furnace
35:31 Siege Engineers
35:22 Murder Holes
36:22 Northmen's Fury
36:40 Siege Onager
37:33 Bodkin Arrow
37:39 Padded Archer Armor
39:07 Bracer
39:23 Leather Archer Armor
38:58 Gambesons
38:58 Arson
38:35 Elite Varangian Guard
40:17 Caravan
44:35 Ring Archer Armor
48:23 Elite Jomsviking
lancer
7:34 Loom
10:37 Feudal Age
13:35 Double-Bit Axe
17:01 Castle Age
17:01 Horse Collar
17:44 Fishing Lines
19:36 Gillnets
21:05 Wheelbarrow
22:43 Bow Saw
27:34 Imperial Age
27:24 Heavy Plow
27:16 Gold Mining
27:16 Stone Mining
31:03 Scale Barding Armor
31:09 Forging
31:24 Ballistics
31:10 Siege Engineers
32:06 Chemistry
31:50 Gold Shaft Mining
31:53 Stone Shaft Mining
31:56 Conscription
31:44 Tusk Swords
31:09 Elite Ballista Elephant
31:51 Tusk Swords
32:11 Double Crossbow
32:47 Heavy Scorpion
33:51 Hand Cart
33:22 Town Watch
34:19 Chain Barding Armor
34:35 Iron Casting
34:14 Masonry
34:00 Murder Holes
34:12 Town Patrol
34:53 Crop Rotation
35:36 Elite Battle Elephant
36:26 Bloodlines
36:16 Husbandry
41:06 Blast Furnace
40:42 Plate Barding Armor
45:16 Fletching
45:27 Padded Archer Armor
快乐的小跑
10:06 Feudal Age
16:43 Castle Age
18:41 Horse Collar
19:11 Stone Mining
19:47 Heavy Plow
20:56 Double-Bit Axe
24:59 Fortified Wall
25:54 Gold Mining
26:09 Heavy Plow
27:23 Fletching
27:33 Padded Archer Armor
27:34 Scale Mail Armor
28:43 Wheelbarrow
29:50 Loom
32:46 Imperial Age
31:24 Silk Road
31:15 Bodkin Arrow
33:04 Leather Archer Armor
33:04 Chain Mail Armor
33:00 Forging
32:56 Scale Barding Armor
33:08 Squires
32:31 Pikeman
33:29 Masonry
34:25 Arson
35:13 Ring Archer Armor
34:44 Bracer
35:14 Plate Mail Armor
36:00 Town Watch
36:33 Elite Genoese Crossbowman
37:39 Town Patrol
40:43 Chemistry
40:14 Architecture
40:50 Iron Casting
43:00 Husbandry
43:10 Bloodlines
42:22 Light Cavalry
44:11 Hussar
Daboss
2:47 Loom
10:49 Feudal Age
11:20 Double-Bit Axe
16:40 Castle Age
16:00 Horse Collar
23:41 Bow Saw
25:27 Wheelbarrow
25:03 Heavy Plow
26:17 Gold Mining
27:11 Hand Cart
28:47 Forging
28:42 Scale Barding Armor
29:11 Caravan
29:29 Pikeman
30:09 Squires
30:20 Fletching
30:52 Chain Barding Armor
31:57 Bloodlines
34:20 Imperial Age
33:56 Iron Casting
33:17 Bodkin Arrow
33:46 Stone Mining
35:00 Ballistics
34:51 Masonry
36:04 Stone Shaft Mining
34:56 Cavalier
36:38 Blast Furnace
36:00 Conscription
35:21 Onager
36:37 Crop Rotation
37:12 Two-Man Saw
37:33 Plate Barding Armor
37:51 Siege Onager
39:36 Chemistry
38:52 Paladin
39:58 Siege Engineers
43:53 Ironclad
44:10 Hoardings
Mateescu122121
11:51 Feudal Age
16:50 Castle Age
15:09 Double-Bit Axe
15:44 Fishing Lines
15:59 Horse Collar
20:25 Loom
21:38 Gillnets
23:02 Fervor
23:45 Wheelbarrow
24:01 Bow Saw
24:17 Town Watch
25:33 Sanctity
25:35 Hand Cart
28:07 Fortified Wall
28:58 Chemistry
28:30 Scale Mail Armor
31:21 Imperial Age
29:44 Chain Mail Armor
29:41 Forging
29:23 Fletching
29:54 Heavy Plow
30:23 Caravan
30:35 Murder Holes
30:10 Pikeman
30:52 Squires
30:40 Arson
31:41 Iron Casting
31:02 Bodkin Arrow
31:55 Halberdier
35:15 Siege Engineers
35:33 Houfnice
37:33 Bracer
38:04 Plate Mail Armor
40:30 Blast Furnace
39:45 Masonry
46:01 Architecture
45:52 Ballistics
45:53 Bombard Tower
xburnmanager
10:23 Feudal Age
10:33 Feudal Age
12:35 Double-Bit Axe
12:33 Horse Collar
18:10 Castle Age
17:51 Forging
17:34 Fletching
19:12 Bow Saw
20:39 Heavy Plow
20:51 Padded Archer Armor
22:56 Stone Mining
22:58 Gold Mining
23:35 Leather Archer Armor
23:31 Scale Barding Armor
25:55 Chain Barding Armor
26:53 Husbandry
27:04 Bloodlines
29:11 Iron Casting
29:52 Stone Shaft Mining
33:13 Squires
32:59 Arson
35:51 Imperial Age
34:32 Pikeman
35:19 Scale Mail Armor
36:10 Caravan
39:10 Elite Jarl
39:36 Gothikon
44:41 Blast Furnace
47:49 Plate Barding Armor
47:45 Ring Archer Armor
47:10 Bodkin Arrow
49:08 Chemistry
48:30 Ballistics
noob9527
8:45 Loom
10:32 Feudal Age
14:44 Castle Age
13:11 Double-Bit Axe
13:13 Horse Collar
15:39 Loom
16:12 Bow Saw
24:00 Wheelbarrow
25:05 Gold Mining
29:50 Imperial Age
28:05 Hand Cart
29:29 Gold Shaft Mining
28:45 Stone Mining
29:30 Husbandry
29:40 Bloodlines
30:20 Stone Shaft Mining
31:12 Padded Archer Armor
31:02 Fletching
31:23 Forging
31:19 Scale Barding Armor
31:00 Light Cavalry
32:00 Heavy Plow
32:33 Conscription
31:34 Elite Mangudai
31:54 Hussar
32:51 Leather Archer Armor
32:32 Bodkin Arrow
33:13 Iron Casting
32:59 Chain Barding Armor
33:04 Ballistics
33:45 Chemistry
33:38 Drill
33:59 Thumb Ring
33:21 Onager
34:51 Bracer
35:52 Blast Furnace
35:32 Hoardings
36:03 Caravan
36:36 Coinage
37:21 Siege Onager
39:48 Masonry
39:44 Siege Engineers
42:14 Nomads
41:53 Capped Ram
43:04 Siege Ram
45:56 Fortified Wall
Connection lost

Rejoining the realm…

Still unreachable

The connection could not be restored.

Session expired

The server has moved on; the page needs a fresh start.